 Dungeon Crawl Stone Soup version 0.28-a0-751-gef3a642a4e (webtiles) character file.

Game seed: 9410234204636436426

77 Gargoyl the Skirmisher (level 4, 0/43 HPs)
             Began as a Gnoll Abyssal Knight on Oct 30, 2021.
             Was a Follower of Lugonu.
             Succumbed to an adder's poison
             ... on level 1 of the Dungeon.
             The game lasted 00:01:18 (1168 turns).

Gargoyl the Skirmisher (Gnoll Abyssal Knight)       Turns: 1168, Time: 00:01:18

Health: 0/43       AC: 13    Str: 13    XL:     4   Next: 34%
Magic:  6/9        EV:  5    Int: 10    God:    Lugonu [*.....]
Gold:   94         SH:  0    Dex: 12    Spells: 10/10 levels left

rFire   . . .      SeeInvis .   a - +1 hand axe
rCold   . . .      Faith    .   (no shield)
rNeg    . . .      Spirit   .   d - +0 plate armour
rPois   .          Reflect  .   (no helmet)
rElec   .          Harm     .   (no cloak)
rCorr   .          Rampage  .   b - +0 pair of gloves
Will    .....                   (no boots)
Stlth   ..........              (no amulet)
HPRegen 0.14/turn               (no ring)
MPRegen 0.11/turn               (no ring)

@: lethally poisoned (0 -> -7)
A: fangs 1, strong nose, distributed training
a: Renounce Religion, Depart the Abyss


You were on level 1 of the Dungeon.
You worshipped Lugonu.
Lugonu was aware of your devotion.
You visited 1 branch of the dungeon, and saw 2 of its levels.
You visited the Abyss 1 time.

You collected 94 gold pieces.

Inventory:

Hand Weapons
 a - a +1 hand axe (weapon)
Armour
 b - a +0 pair of gloves (worn)
 d - a +0 plate armour (worn)
Scrolls
 c - 3 scrolls of magic mapping {unknown}
 f - a scroll of teleportation {unknown}
 g - a scroll of summoning {unknown}
 h - a scroll of identify {unknown}


   Skills:
 + Level 7.6 Fighting
 + Level 3.7 Short Blades
 + Level 3.7 Long Blades
 + Level 6.0 Axes
 + Level 3.7 Maces & Flails
 + Level 3.7 Polearms
 + Level 3.7 Staves
 + Level 3.7 Slings
 + Level 3.7 Bows
 + Level 3.7 Crossbows
 + Level 3.7 Throwing
 + Level 6.0 Armour
 + Level 4.5 Dodging
 + Level 3.7 Stealth
 + Level 3.7 Shields
 + Level 3.7 Unarmed Combat
 + Level 3.7 Spellcasting
 + Level 3.0 Conjurations
 + Level 3.0 Hexes
 + Level 3.0 Summonings
 + Level 3.0 Necromancy
 + Level 3.0 Translocations
 + Level 3.0 Transmutations
 + Level 3.0 Fire Magic
 + Level 3.0 Ice Magic
 + Level 3.0 Air Magic
 + Level 3.0 Earth Magic
 + Level 3.0 Poison Magic
 + Level 6.2 Invocations
 + Level 3.7 Evocations


You had 10 spell levels left.
You didn't know any spells.
Your spell library was empty.

Dungeon Overview and Level Annotations

Branches:
Dungeon (2/15)

Altars:
Trog


Innate Abilities, Weirdness & Mutations

You have very sharp teeth.
Your uncanny sense of smell can sniff out nearby items.
Your experience applies equally to all skills.


Message History

Your Short Blades skill gained 3 levels and is now at level 3!
Your Long Blades skill gained 3 levels and is now at level 3!
Your Axes skill gained 2 levels and is now at level 6!
Your Maces & Flails skill gained 3 levels and is now at level 3!
Your Polearms skill gained 3 levels and is now at level 3!
Your Staves skill gained 3 levels and is now at level 3!
Your Slings skill gained 3 levels and is now at level 3!
Your Bows skill gained 3 levels and is now at level 3!
Your Crossbows skill gained 3 levels and is now at level 3!
Your Throwing skill gained 3 levels and is now at level 3!
Your Armour skill gained 2 levels and is now at level 6!
Your Dodging skill gained 2 levels and is now at level 4!
Your Stealth skill gained 3 levels and is now at level 3!
Your Shields skill gained 3 levels and is now at level 3!
Your Unarmed Combat skill gained 3 levels and is now at level 3!
Your Spellcasting skill gained 3 levels and is now at level 3!
Your Conjurations skill gained 3 levels and is now at level 3!
Your Hexes skill gained 3 levels and is now at level 3!
Your Summonings skill gained 3 levels and is now at level 3!
Your Necromancy skill gained 3 levels and is now at level 3!
Your Translocations skill gained 3 levels and is now at level 3!
Your Transmutations skill gained 3 levels and is now at level 3!
Your Fire Magic skill gained 3 levels and is now at level 3!
Your Ice Magic skill gained 3 levels and is now at level 3!
Your Air Magic skill gained 3 levels and is now at level 3!
Your Earth Magic skill gained 3 levels and is now at level 3!
Your Poison Magic skill gained 3 levels and is now at level 3!
Your Invocations skill gained 2 levels and is now at level 6!
Your Evocations skill gained 3 levels and is now at level 3!
You have reached level 4!
You feel clever.
* * * LOW HITPOINT WARNING * * *
You feel sick. The adder bites you.
* * * LOW HITPOINT WARNING * * *
The goblin hits you but does no damage.
Unknown command.
You barely miss the adder. You bite the adder, but do no damage.
The adder is severely wounded.
You barely miss the goblin.
You die...

.......# #.# #.#.#
#.######## .###...# #.#
#.#.# #.# .###.#.## #.#
#.#.# #.#
.##.....###.####.#.# #.#
.#.....#.##.##.....# #.#
.......#....##.#.#.####.#
#......#.##.............#
............##.#†#.###..#
.......#######.g@S...#÷.###
.#####.# #####.#......# .#
#.# #.###..#.# .# #.# #.#
#..#.# .# #.# #.# #..#.#
.#####.# #.# #..#.#
.......# #.# #..#.#
##...### #.# #..#.#
.......###########.# #..#.#


You could see an adder and a goblin.

Vanquished Creatures
  3 dart slugs (D:1)
  A bat (D:1)
  An endoplasm (D:1)
  2 giant cockroaches (D:1)
  3 goblins (D:1)
  2 hobgoblins (D:1)
  4 jackals (D:1)
  A quokka (D:1)
  2 ball pythons (D:1)
  5 frilled lizards
  2 kobolds (D:1)
26 creatures vanquished.

Notes
Turn   | Place    | Note
-------+----------+-------------------------------------------
     0 | Abyss:1  | Gargoyl the Gnoll Abyssal Knight began the quest for the
                  | Orb.
     0 | Abyss:1  | Reached XP level 1. HP: 23/23 MP: 3/3
    66 | Abyss:1  | Noticed an orange demon
    70 | Abyss:1  | Noticed a large abomination
    72 | Abyss:1  | Noticed a spatial maelstrom
    72 | Abyss:1  | Noticed a spatial vortex
    72 | Abyss:1  | Noticed a spatial vortex
    73 | D:1      | Escaped the Abyss
   182 | D:1      | Reached * piety under Lugonu
   191 | D:1      | Reached XP level 2. HP: 9/29 MP: 5/5
   624 | D:1      | Reached XP level 3. HP: 35/35 MP: 6/6
   826 | D:1      | Found a faded altar of an unknown god.
  1110 | D:1      | Found a bloodstained altar of Trog.
  1167 | D:1      | Reached skill level 7 in Fighting
  1167 | D:1      | Reached XP level 4. HP: 4/43 MP: 6/9
  1167 | D:1      | HP: 2/43 [poisoned by an adder]
  1168 | D:1      | Succumbed to an adder's poison

Illustrated notes

Levels and vault maps discovered:
D:1:      dpeg_arrival_lava_altar, layout_loops_ring,
          shapermc_ecumenical_altar_pompeii, minmay_misc_feat_chi,
          chequers_serial_rivers_small_b, corexii_leaking_fountain,
          minmay_pentomino_w2
D:2:      layout_rooms, serial_glass, glass_columns_b, glass_columns_b,
          glass_columns_c, glass_columns_a, glass_columns_c, glass_columns_a

Skill      XL: |  1  2  3 |
---------------+----------+-----
Fighting       | 7 |  7.6
Short Blades   | 3 |  3.7
Long Blades    | 3 |  3.7
Axes           | 6 |  6.0
Maces & Flails | 3 |  3.7
Polearms       | 3 |  3.7
Staves         | 3 |  3.7
Slings         | 3 |  3.7
Bows           | 3 |  3.7
Crossbows      | 3 |  3.7
Throwing       | 3 |  3.7
Armour         | 6 |  6.0
Dodging        | 4 |  4.5
Stealth        | 3 |  3.7
Shields        | 3 |  3.7
Unarmed Combat | 3 |  3.7
Spellcasting   | 3 |  3.7
Conjurations   | 3 |  3.0
Hexes          | 3 |  3.0
Summonings     | 3 |  3.0
Necromancy     | 3 |  3.0
Translocations | 3 |  3.0
Transmutations | 3 |  3.0
Fire Magic     | 3 |  3.0
Ice Magic      | 3 |  3.0
Air Magic      | 3 |  3.0
Earth Magic    | 3 |  3.0
Poison Magic   | 3 |  3.0
Invocations    | 6 |  6.2
Evocations     | 3 |  3.7

Action                   |  1- 3 |  4- 6 || total
-------------------------+-------+-------++-------
Melee: Hand axe          |    91 |     1 ||    92
       Bite              |     7 |     1 ||     8
Invok: Depart the Abyss  |     1 |       ||     1
  Use: Scroll            |     1 |       ||     1
       Potion            |     1 |       ||     1
Armor: Plate armour      |    93 |     1 ||    94
Dodge: Dodged            |    16 |       ||    16

Table legend: (Time is in decaauts)
 A = Elapsed time spent in this place.
 B = Non-inter-level travel time spent in this place.
 C = Inter-level travel time spent in this place.
 D = Time resting spent in this place.
 E = Time spent auto-exploring this place.
 F = Levels seen in this place.
 G = Mean time per level.
                   A        B        C        D        E       F      G
               +--------+--------+--------+--------+--------+-----+--------+
         Total |   1175 |   1139 |     36 |      0 |    887 |   3 |  391.7 |
       Dungeon |   1102 |   1066 |     36 |      0 |    838 |   2 |  551.0 |
         Abyss |     73 |     73 |      0 |      0 |     49 |   1 |   73.0 |
               +--------+--------+--------+--------+--------+-----+--------+

Top non-repeatable levels by time:
     D:1: 1093 daAuts
 Abyss:1: 73 daAuts
     D:2: 9 daAuts
